 Dungeon Crawl Stone Soup version 0.28.0-47-ge53b351184 (webtiles) character file.

Game seed: 17202727257598181901

267 101zpm the Magician (level 6, -1/41 HPs)
             Began as a Djinni Ice Elementalist on Apr 27, 2022.
             Slain by a gnoll sergeant
             ... wielding a +0 trident
              (3 damage)
             ... on level 4 of the Dungeon.
             The game lasted 00:10:03 (5389 turns).

101zpm the Magician (Djinni Ice Elementalist)       Turns: 5389, Time: 00:10:04

Health: -1/41      AC: 21    Str: 11    XL:     6   Next: 45%
Gold:   170        EV:  9    Int: 18    God:
                   SH:  0    Dex: 18

rFire   + + .      SeeInvis .   p - +6 flail "Qukaho" {freeze, Str+4}
rCold   . . .      Faith    .   (no shield)
rNeg    . . .      Spirit   .   l - +7 Kryia's mail coat {PotionHeal*2 rC+}
rPois   ∞          Reflect  .   m - +0 helmet
rElec   .          Harm     .   q - +5 cloak of Agnosticism {Dex+4}
rCorr   +          Rampage  .   n - +0 pair of gloves
Will    .....                   (boots unavailable)
Stlth   +.........              (no amulet)
HPRegen 0.13/turn               k - ring of resist corrosion
MPRegen 0.00/turn               (no ring)

@: flying, studying Shields
A: sickness immunity, fire resistance 2, cold vulnerability 1, float, innate
caster, HP casting, extra vitality 1
a: no special abilities


You were on level 4 of the Dungeon.
You visited 1 branch of the dungeon, and saw 4 of its levels.

You collected 170 gold pieces.

Inventory:

Hand Weapons
 h - a +4 whip of freezing
 p - the +6 flail "Qukaho" (weapon) {freeze, Str+4}
   (You found it on level 4 of the Dungeon)

   It freezes those it strikes, dealing additional cold damage.
   It can also slow down cold-blooded creatures.
   Str:       It affects your strength (+4).
Armour
 a - a +0 robe
 l - the +7 Kryia's mail coat (worn) {PotionHeal*2 rC+}
   (You found it on level 3 of the Dungeon)

   Potions are twice as effective at healing its wearer.
   rC:        It protects you from cold.
 m - a +0 helmet (worn)
 n - a +0 pair of gloves (worn)
 q - the +5 cloak of Agnosticism (worn) {Dex+4}
   (You found it on level 4 of the Dungeon)

   Dex:       It affects your dexterity (+4).
Jewellery
 k - a ring of resist corrosion (left hand)
Scrolls
 c - a scroll of summoning {unknown}
 o - a scroll of teleportation {unknown}
Potions
 b - 2 potions of resistance {unknown}
 d - a potion of might {unknown}
 e - 2 potions of heal wounds {unknown}
 f - a potion of degeneration {unknown}
 g - 2 potions of curing
 i - a potion of attraction {unknown}
 j - a potion of haste {unknown}


   Skills:
 + Level 0.6 Fighting
 + Level 1.0 Maces & Flails
 + Level 1.1 Armour
 + Level 2.6 Dodging
 + Level 2.3 Stealth
 + Level 5.0 Spellcasting


You had one spell level left.
You knew the following spells:

 Your Spells              Type           Power      Damage    Failure   Level
a - Freeze                Ice            88%        1d10      10%         1
b - Frozen Ramparts       Ice            44%        1d6       30%         3
c - Ozocubu's Armour      Ice            22%        N/A       30%         3
d - Hailstorm             Conj/Ice       22%        3d7       69%         4
e - Shock                 Conj/Air       88%        1d8       10%         1
f - Static Discharge      Conj/Air       22%        N/A       16%         2
Your spell library was empty.

Dungeon Overview and Level Annotations

Branches:
Dungeon (4/15)
 Temple: D:4-7

Altars:

Shops:
D:1 (??   D:2 [   D:4 (


Innate Abilities, Weirdness & Mutations

You are immune to sickness and miasma.
You are immune to poison.
Your flesh is very heat resistant. (rF++)
You are vulnerable to cold. (rC-)
You float through the air rather than walking.
You learn spells naturally, not from books.
Your magical power is your life essence.
You have superior vitality. (+4 MHP)


Message History

The gnoll sergeant is severely wounded.
The gnoll hits you but does no damage. The gnoll sergeant closely misses you.
You barely miss the gnoll sergeant.
The gnoll sergeant is severely wounded.
The gnoll barely misses you.
The gnoll sergeant hits you but does no damage.
The gnoll barely misses you.
The gnoll sergeant hits you with a +0 trident.
You barely miss the gnoll sergeant.
The gnoll sergeant is severely wounded.
The gnoll hits you from afar with a +0 halberd.
The gnoll sergeant hits you but does no damage.
You completely miss the gnoll sergeant.
The gnoll sergeant is severely wounded.
The gnoll hits you but does no damage.
The gnoll sergeant hits you but does no damage.
You barely miss the gnoll sergeant.
The gnoll sergeant is severely wounded.
The gnoll hits you from afar with a +0 halberd.
The gnoll sergeant hits you but does no damage.
The gnoll barely misses you.
The gnoll sergeant hits you with a +0 trident.
You are too injured to fight recklessly!
You are too injured to fight recklessly!
You are too injured to fight recklessly!
You are too injured to fight recklessly!
You are too injured to fight recklessly!
You hit the gnoll sergeant. You freeze the gnoll sergeant.
The gnoll sergeant is almost dead.
The gnoll closely misses you.
The gnoll sergeant hits you with a +0 trident.
You hit the gnoll sergeant but do no damage.
The gnoll sergeant is almost dead.
The gnoll hits you but does no damage.
The gnoll sergeant hits you with a +0 trident.
* * * LOW HITPOINT WARNING * * *
The gnoll hits you from afar with a +0 halberd!
* * * LOW HITPOINT WARNING * * *
The gnoll sergeant hits you from afar with a +0 trident.
You die...

# #.# ### #.#
..######.#
...#.....###########
....#...............
∩...#.....############
......................
...##......##########.
g.###.....<..gg.@...#
### #......########.#
# ####.(.# ### #...# #
..### ##### .#
....###############.#
....gg...g....(.....#
...g........gZ....###
.................)..#


You could see a gnoll sergeant and a gnoll.

Vanquished Creatures
  An iguana (D:4)
  Natasha (thrice) (D:2)
  A hound skeleton (D:4)
  3 gnolls
  5 adders
  A worm (D:4)
  A dart slug (D:1)
  An orc (D:4)
  4 ball pythons
  5 bats
  5 endoplasms
  7 giant cockroaches
  7 goblins
  8 hobgoblins
  4 jackals
  6 quokkas
  4 frilled lizards
  6 kobolds
  3 rats
75 creatures vanquished.

Notes
Turn   | Place    | Note
-------+----------+-------------------------------------------
     0 | D:1      | 101zpm the Djinni Ice Elementalist began the quest for the
                  | Orb.
     0 | D:1      | Reached XP level 1. HP: 15/15 MP: 0/0
   131 | D:1      | Found Ynunit's Magic Scroll Shoppe.
   153 | D:1      | Reached XP level 2. HP: 9/21 MP: 0/0
   350 | D:2      | Reached XP level 3. HP: 15/25 MP: 0/0
   350 | D:2      | Learned a level 1 spell: Shock
   713 | D:2      | Noticed Natasha
   734 | D:1      | Found Fisocoss's Weapon Shop.
   780 | D:1      | Reached skill level 4 in Spellcasting
  1378 | D:1      | Reached XP level 4. HP: 24/31 MP: 0/0
  1761 | D:1      | Found a faded altar of an unknown god.
  1896 | D:1      | Found Jasaka Wouri's Magic Scroll Shoppe.
  2075 | D:2      | Found Gosoc's Armour Emporium.
  3026 | D:3      | Reached XP level 5. HP: 35/35 MP: 0/0
  3026 | D:3      | Learned a level 2 spell: Static Discharge
  3149 | D:3      | Found the +7 Kryia's mail coat {PotionHeal*2 rC+}
  4175 | D:2      | Killed Natasha
  4366 | D:2      | Noticed Natasha
  4377 | D:2      | Killed Natasha
  4617 | D:2      | Noticed Natasha
  4623 | D:2      | Killed Natasha
  4624 | D:2      | Reached XP level 6. HP: 40/41 MP: 0/0
  4671 | D:4      | Found Iceamux's Weapon Shoppe.
  4772 | D:4      | Reached skill level 5 in Spellcasting
  5056 | D:4      | Identified the +6 flail "Qukaho" {freeze, Str+4}
  5061 | D:4      | Identified the +5 cloak of Agnosticism {Dex+4}
  5193 | D:3      | Reached skill level 1 in Armour
  5200 | D:3      | Reached skill level 1 in Maces & Flails
  5388 | D:4      | HP: 2/41 [gnoll/+0 halberd (10)]
  5389 | D:4      | Slain by a gnoll sergeant

Illustrated notes

Levels and vault maps discovered:
D:1:      doesnt_arrival_eight_statues, layout_loops_ring, serial_shops, shop,
          shop, nicolae_lakefront_shop, ebering_ecumenical_altar_rust
D:2:      layout_rooms, serial_aquarium, aquarium_bridge_long_separate
          [aquarium_subvault_window, aquarium_subvault_bridge,
          aquarium_subvault_bridge, aquarium_subvault_balcony,
          aquarium_subvault_wall, aquarium_subvault_bridge],
          aquarium_bridge_square [aquarium_subvault_bridge,
          aquarium_subvault_wall, aquarium_subvault_bridge,
          aquarium_subvault_window], aquarium_window_1, aquarium_window_fake,
          aquarium_view_2d, aquarium_balcony_5b, aquarium_pool_double,
          serial_shops, shop, minmay_liquid_box, chequers_decorated_corner,
          uniq_natasha
D:3:      layout_basic, minmay_starry_boxes
D:4:      layout_basic, serial_shops, nicolae_shop_bloodbath_and_beyond,
          kennysheep_generic_room_12, uniq_crazy_yiuf_cottage

Skill      XL: |  1  2  3  4  5  6 |
---------------+-------------------+-----
Spellcasting   | 4 5 |  5.0
Stealth        | 2 |  2.3
Armour         | 1 |  1.1
Maces & Flails | 1 |  1.0
Fighting       | |  0.6
Dodging        | |  2.6

Action                   |  1- 3 |  4- 6 || total
-------------------------+-------+-------++-------
Melee: Unarmed           |     2 |     1 ||     3
       Whip              |       |    50 ||    50
       Flail             |       |    25 ||    25
 Cast: Freeze            |    42 |    37 ||    79
       Frozen Ramparts   |       |     1 ||     1
       Static Discharge  |       |     1 ||     1
       Shock             |       |     8 ||     8
 Stab: Sleeping          |       |     2 ||     2
Armor: Robe              |     4 |     6 ||    10
       Scale mail        |       |    50 ||    50
Dodge: Dodged            |    20 |    60 ||    80
